 Dungeon Crawl Stone Soup version 0.28.0-53-g5a82cb258f (webtiles) character file.

Game seed: 6154803254992302612

2854 funkygono the Carver (level 9, -4/80 HPs)
             Began as a Minotaur Fighter on June 30, 2022.
             Was a Priest of Okawaru.
             Slain by an orc
             ... wielding a +1 dagger of electrocution
              (18 damage)
             ... on level 7 of the Dungeon.
             The game lasted 00:10:22 (6630 turns).

funkygono the Carver (Minotaur Fighter)             Turns: 6630, Time: 00:10:23

Health: -4/80      AC: 15    Str: 26    XL:     9   Next: 46%
Magic:  8/8        EV:  5    Int:  5    God:    Okawaru [***...]
Gold:   177        SH: 12    Dex:  9    Spells: 8/8 levels left

rFire   + . .      SeeInvis .   a - +2 long sword
rCold   . . .      Faith    .   F - +0 tower shield
rNeg    . . .      Spirit   .   o - +0 chain mail
rPois   .          Reflect  .   (helmet restricted)
rElec   .          Harm     .   t - +1 cloak
rCorr   .          Rampage  .   m - +1 pair of gloves
Will    .....                   D - +2 pair of boots
Stlth   ..........              l - amulet of regeneration
HPRegen 1.03/turn               h - ring of flight
MPRegen 0.11/turn               p - ring of protection from fire

@: corroded, flying
A: horns 2, retaliatory headbutt
a: Renounce Religion, Heroism


You were on level 7 of the Dungeon.
You worshipped Okawaru.
Okawaru was most pleased with you.
You visited 1 branch of the dungeon, and saw 7 of its levels.

You collected 287 gold pieces.
You spent 110 gold pieces at shops.

Inventory:

Hand Weapons
 a - a +2 long sword (weapon)
 u - a +2 vorpal quarterstaff
 A - a +2 dire flail
Missiles
 i - 64 bolts
Armour
 c - a +0 buckler
 m - a +1 pair of gloves (worn)
 o - a +0 chain mail (worn)
 s - a +1 leather armour of cold resistance
 t - a +1 cloak (worn)
 D - a +2 pair of boots (worn)
 F - a +0 tower shield (worn)
Jewellery
 d - a ring of magical power
 h - a ring of flight (left hand)
 l - an amulet of regeneration (around neck)
 p - a ring of protection from fire (right hand)
 r - a ring of willpower
 w - a +6 ring of strength
 x - a ring of ice
 y - a ring of resist corrosion
 B - an amulet of the acrobat
Wands
 b - a wand of flame (2)
 C - a wand of iceblast (10)
Scrolls
 j - 2 scrolls of fog
 q - 3 scrolls of identify
 v - 3 scrolls of holy word {unknown}
 z - a scroll of teleportation
Potions
 e - 3 potions of brilliance
 f - a potion of heal wounds
 g - a potion of haste
 k - 6 potions of curing
 n - a potion of invisibility
 E - a potion of resistance


   Skills:
 + Level 7.7 Fighting
 + Level 10.4 Long Blades
 + Level 8.7 Armour
 + Level 2.3 Dodging
 + Level 1.3 Stealth
 + Level 6.0 Shields


You had 8 spell levels left.
You didn't know any spells.
Your spell library contained the following spells:

 Spells                   Type           Power      Damage    Failure   Level
 Beastly Appendage        Tmut           0%         N/A       100%        1
 Foxfire                  Conj/Fire      0%         2x1d4     100%        1
 Slow                     Hex            0%         N/A       100%        1
 Ensorcelled Hibernation  Hex/Ice        0%         N/A       100%        2
 Passwall                 Tmut/Erth      0%         N/A       100%        2
 Static Discharge         Conj/Air       0%         N/A       100%        2
 Wereblood                Tmut           0%         N/A       100%        2
 Confusing Touch          Hex            0%         N/A       100%        3
 Conjure Flame            Conj/Fire      0%         6-21      100%        3
 Inner Flame              Hex/Fire       0%         N/A       100%        3
 Spider Form              Tmut/Pois      0%         N/A       100%        3
 Swiftness                Air            0%         N/A       100%        3
 Vampiric Draining        Necr           0%         2d6       100%        3
 Dispel Undead            Necr           0%         3d6       100%        4
 Flame Wave               Conj/Fire      0%         2d4       100%        4
 Fulminant Prism          Conj/Hex       0%         3d6       100%        4
 Hailstorm                Conj/Ice       0%         3d3       100%        4
 Ice Form                 Ice/Tmut       0%         N/A       100%        4
 Iskenderun's Mystic Bla  Conj/Tloc      0%         2d3       100%        4
 Sticky Flame             Conj/Fire      0%         2d3       100%        4
 Lee's Rapid Deconstruct  Erth           0%         3d5*      100%        5
 Conjure Ball Lightning   Conj/Air       0%         3x3d6     100%        6
 Discord                  Hex            0%         N/A       100%        8
 Disjunction              Tloc           0%         N/A       100%        8
 Simulacrum               Ice/Necr       Unusable   N/A       N/A         6

Dungeon Overview and Level Annotations

Branches:
Dungeon (7/15)             Temple (0/1) D:5

Altars:
Okawaru
Wu Jian
Zin

Shops:
D:1 **   D:5 (


Innate Abilities, Weirdness & Mutations

You have a pair of horns on your head.
You reflexively headbutt those who attack you in melee.


Message History

You block the orc's attack.
You hit the orc.
The orc is moderately wounded.
The orc hits you but does no damage.
The orc wizard zaps a wand.
The bolt of acid misses the orc.
The bolt of acid hits you!!
You closely miss the orc.
The orc is moderately wounded.
The orc hits you but does no damage. x2
You slash the orc!
You kill the orc!
Okawaru accepts your kill.
The orc wizard zaps a wand.
The bolt of acid hits you!!
The orc wizard gestures at you while chanting.
You block the puff of flame.
An orc comes into view.
It is wielding a +1 dagger of electrocution.
The orc shouts!
You block the orc wizard's attack.
The orc moves out of view.
Things that are here:
a +3 flail; 3 boomerangs; an orc corpse You closely miss the orc wizard.
You block the orc wizard's attack.
You miss the orc wizard. You block the orc wizard's attack.
You miss the orc wizard. You block the orc wizard's attack.
You slash the orc wizard!
The orc wizard is almost dead.
The orc wizard gestures wildly while chanting.
The orc wizard flickers and vanishes!
Deactivating autopickup; reactivate with Ctrl-A.
You block the orc's attack. Something hits you but does no damage.
You miss something. You block the orc's attack.
You hear a zap.
A bolt of acid appears from out of thin air!
The bolt of acid hits you!!
* * * LOW HITPOINT WARNING * * *
The acid corrodes you!
You hit something. Okawaru accepts your kill.
Reactivating autopickup.
You feel a bit more experienced. The orc hits you but does no damage.
You are electrocuted!!
You die...

#..# ###..####...##.###).#.
#..###...........##....#### #
#..##..####.####.#.....# #
#######..##..##.....##.#..##.# #
.........##..#.......#...###.##
.....###.....#.......#..## ##.#
.########........_.....## #.# .##
##......#.......#.## #####
..####.......#..@....#.(#####...#
#..#....##...##.)o..##.......####
#....[.###...####.####.....###
#.....####.................# ##
................##.......(## ##.
.........................######.#
.......####................##...#
......## ##......#####......(...#
.####..###.......# #...######.#


You could see an orc.

Vanquished Creatures
  Joseph (D:7)
  Prince Ribbit (D:7)
  5 humans
  Eustachio (D:4)
  A steam dragon (D:7)
  An ice beast (D:4)
  A sky beast (D:6)
  A hornet zombie (D:6)
  A necrophage (D:6)
  An ogre (D:5)
  A phantom (D:6)
  A wyvern zombie (D:7)
  A jelly (D:4)
  4 killer bees (D:7)
  4 wights
  A centaur zombie (D:7)
  2 hounds
  2 orc priests (D:4)
  A bullfrog skeleton (D:4)
  Terence (D:3)
  2 orc wizards
  An iguana (D:4)
  A killer bee zombie (D:6)
  2 howler monkey zombies
  7 adders
  A white imp (D:7)
  4 worms (D:3)
  2 dart slugs
  6 orcs
  7 ball pythons
  An endoplasm (D:4)
  2 giant cockroaches
  5 goblins
  5 hobgoblins
  3 jackals (D:2)
  6 kobolds
  2 quokkas (D:4)
  2 bats
  2 frilled lizards
  A quokka skeleton (D:4)
  4 rats
98 creatures vanquished.

Vanquished Creatures (others)
  A fungus (D:2)
1 creature vanquished.

Grand Total: 99 creatures vanquished

Notes
Turn   | Place    | Note
-------+----------+-------------------------------------------
     0 | D:1      | funkygono the Minotaur Fighter began the quest for the Orb.
     0 | D:1      | Reached XP level 1. HP: 19/19 MP: 0/0
    69 | D:1      | Found Edghyh's Assorted Antiques.
   189 | D:1      | Found Alai's General Store.
   717 | D:2      | Reached XP level 2. HP: 25/27 MP: 1/1
   870 | D:2      | Reached XP level 3. HP: 33/33 MP: 2/2
  1064 | D:2      | Reached skill level 3 in Long Blades
  1284 | D:2      | Found a faded altar of an unknown god.
  1498 | D:3      | Found an ornate altar of the Wu Jian Council.
  1548 | D:3      | Noticed Terence
  1558 | D:3      | Killed Terence
  1559 | D:3      | Reached XP level 4. HP: 41/41 MP: 3/3
  1774 | D:3      | Reached skill level 4 in Long Blades
  1844 | D:3      | Reached XP level 5. HP: 47/47 MP: 4/4
  2262 | D:4      | Reached skill level 5 in Long Blades
  2480 | D:4      | Noticed an ice beast
  2485 | D:4      | Killed an ice beast
  2486 | D:4      | Reached skill level 5 in Armour
  2486 | D:4      | Reached XP level 6. HP: 55/55 MP: 5/5
  2527 | D:4      | Reached skill level 5 in Fighting
  2705 | D:4      | Reached skill level 6 in Long Blades
  2878 | D:4      | Noticed Eustachio
  2891 | D:4      | Killed Eustachio
  2892 | D:4      | Reached XP level 7. HP: 57/61 MP: 6/6
  3059 | D:4      | Found an iron altar of Okawaru.
  3066 | D:4      | Became a worshipper of Warmaster Okawaru
  3507 | D:1      | Bought a square ruby amulet for 110 gold pieces
  3642 | D:5      | Entered Level 5 of the Dungeon
  3963 | D:5      | Found a staircase to the Ecumenical Temple.
  4008 | D:5      | Found Liplotwa's Antique Weapon Shop.
  4289 | D:5      | Reached skill level 7 in Long Blades
  4985 | D:6      | Reached * piety under Okawaru
  4986 | D:6      | Reached XP level 8. HP: 70/70 MP: 7/7
  5185 | D:7      | Noticed Joseph
  5205 | D:7      | Killed Joseph
  5206 | D:7      | Reached skill level 8 in Long Blades
  5206 | D:7      | Reached skill level 5 in Shields
  5386 | D:6      | Reached ** piety under Okawaru
  5387 | D:6      | Reached skill level 1 in Stealth
  5406 | D:6      | Reached skill level 1 in Dodging
  5419 | D:7      | Reached skill level 9 in Long Blades
  5629 | D:7      | Found a glowing silver altar of Zin.
  5922 | D:6      | Reached XP level 9. HP: 76/79 MP: 8/8
  5971 | D:7      | Reached skill level 10 in Long Blades
  6208 | D:7      | Reached *** piety under Okawaru
  6322 | D:7      | Noticed Prince Ribbit
  6341 | D:7      | Killed Prince Ribbit
  6630 | D:7      | Slain by an orc

Illustrated notes

Levels and vault maps discovered:
D:1:      lightli_arrival_quake, layout_basic, serial_shops, shop,
          nicolae_lakefront_shop, amethyst_killhole
D:2:      layout_loops_cross, shapermc_ecumenical_altar_ellora
D:3:      layout_rooms, mainiacjoe_overflow_small_starburst, uniq_terence
D:4:      layout_basic, mainiacjoe_overflow_six_doors_small,
          minmay_quadrilaterals, uniq_eustachio
D:5:      layout_basic, minmay_temple_entry_glassed_door, serial_shops,
          kennysheep_mini_moat, minmay_statues_item
D:6:      layout_loops_ring
D:7:      layout_layer_cave, old_standard_altar, minmay_ruffians, uniq_joseph,
          uniq_prince_ribbit1

Skill      XL: |  1  2  3  4  5  6  7  8  9 |
---------------+----------------------------+-----
Fighting       | 4 5 6 7 |  7.7
Armour         | 4 5 6 8 |  8.7
Shields        | 4 5 6 |  6.0
Long Blades    | 3 4 5 6 7 9 10 | 10.4
Stealth        | 1 |  1.3
Dodging        | 1 2 |  2.3

Action                   |  1- 3 |  4- 6 |  7- 9 || total
-------------------------+-------+-------+-------++-------
Melee: Long sword        |    51 |    82 |   192 ||   325
       Headbutt          |     5 |    14 |    39 ||    58
  Use: Scroll            |     6 |     1 |    11 ||    18
       Potion            |     1 |       |     1 ||     2
Armor: Scale mail        |    10 |       |       ||    10
       Chain mail        |     8 |    37 |   124 ||   169
Dodge: Dodged            |    14 |    24 |    77 ||   115
Block: Buckler           |    13 |    17 |    50 ||    80
       Tower shield      |       |       |     8 ||     8
